AoeStats
← tiberius el asesino de pilmeni

Arena

505786068Analyzed
1v1 RM · 20d ago on Sep 11, 2026· 57m 21s· 2 players
Game mode
Random Map
Map size
Tiny (2 player)
Population
200
Speed
Normal
Resources
Standard
Victory
Conquest
Starting age
Dark Age
Ending age
Imperial Age
RankedLock teamsTeams togetherTeam positionsShared explorationLock speedFull tech treeHidden civsTurbo modeCheats
Victory
Defeat
🇨🇱 Franks · Chile
504
+22
🇦🇷 Inca · Argentina
631
-22
Ibrahim Traoré
12:58 Feudal Age
20:41 Castle Age
18:49 Double-Bit Axe
19:10 Gold Mining
20:16 Arson
21:15 Man-at-Arms
21:56 Squires
22:35 Stone Mining
23:26 Gold Shaft Mining
23:03 Bow Saw
23:28 Forging
23:20 Scale Mail Armor
27:31 Gambesons
27:07 Long Swordsman
29:01 Iron Casting
31:40 Chain Mail Armor
37:20 Imperial Age
35:30 Wheelbarrow
40:03 Two-Handed Swordsman
40:05 Pikeman
40:48 Husbandry
43:22 Blast Furnace
42:53 Plate Mail Armor
42:38 Fortified Wall
44:03 Champion
46:22 Chemistry
44:53 Elite Throwing Axeman
48:39 Cavalier
51:42 Paladin
56:57 Chivalry
57:20 #83
tiberius el asesino de pilmeni
4:17 Loom
10:01 Feudal Age
17:26 Castle Age
15:37 Horse Collar
16:08 Double-Bit Axe
20:08 Gold Mining
20:19 Heavy Plow
20:27 Champi Runner
25:44 Forging
25:38 Scale Mail Armor
26:26 Bow Saw
26:40 Chain Mail Armor
26:49 Stone Mining
28:20 Forging
28:16 Squires
27:38 Champi Warrior
29:37 Arson
32:59 Wheelbarrow
32:11 Town Watch
33:08 Stone Shaft Mining
33:09 Gold Shaft Mining
34:38 Hand Cart
38:05 Town Patrol
41:12 Imperial Age
38:48 Caravan
38:10 Pikeman
38:14 Crossbowman
40:20 Town Patrol
40:33 Redemption
40:45 Sanctity
42:01 Andean Sling
41:30 Elite Kamayuk
42:31 Conscription
41:56 Sappers
41:48 Elite Kamayuk
43:48 Crop Rotation
43:09 Onager
43:43 Elite Champi Warrior
46:25 Fabric Shields
46:26 Andean Sling
47:10 Iron Casting
54:16 Chemistry
53:36 Ballistics
53:07 Heated Shot
53:09 Guard Tower
53:06 Arrowslits
53:42 Shipwright
53:35 Masonry
53:06 Treadmill Crane
53:25 Murder Holes
53:20 Elite Skirmisher
53:20 Arbalester
54:06 Thumb Ring
53:59 Fletching
54:09 Padded Archer Armor
57:03 Bodkin Arrow
57:23 Leather Archer Armor
56:58 Halberdier
Connection lost

Rejoining the realm…

Still unreachable

The connection could not be restored.

Session expired

The server has moved on; the page needs a fresh start.